 Dungeon Crawl Stone Soup version 0.26-a0-818-g75db068ed4 (webtiles) character file.

Game seed: 16320970976015555677

21 lampshaded the Firebug (level 2, 0/15 HPs)
             Began as a Deep Elf Fire Elementalist on Nov 14, 2020.
             Slain by a leopard gecko (1 damage)
             ... on level 2 of the Dungeon.
             The game lasted 00:03:30 (1066 turns).

lampshaded the Firebug (Deep Elf Fire Elementalist) Turns: 1066, Time: 00:03:31

Health: 0/15       AC:  2    Str:  5    XL:     2   Next: 62%
Magic:  4/8        EV: 13    Int: 19    God:
Gold:   68         SH:  0    Dex: 15    Spells: 6/7 levels left

rFire    . . .     SeeInvis .   (no weapon)
rCold    . . .     Faith    .   (no shield)
rNeg     . . .     Spirit   .   a - +0 robe
rPois    .         Reflect  .   (no helmet)
rElec    .         Harm     .   (no cloak)
rCorr    .         Rampage  .   (no gloves)
MR       .....                  (no boots)
Stlth    ++........             (no amulet)
HPRegen  0.05/turn              (no ring)
MPRegen  0.11/turn              (no ring)

@: no status effects
A: no striking features
a: no special abilities


You were on level 2 of the Dungeon.
You visited 1 branch of the dungeon, and saw 2 of its levels.

You collected 68 gold pieces.

Inventory:

Armour
 a - a +0 robe (worn)
Scrolls
 b - 3 scrolls of identify {unknown}
 c - a scroll of remove curse {unknown}
 d - a scroll of teleportation {unknown}
 g - a scroll of blinking {unknown}
 i - a scroll of enchant armour {unknown}
 j - a scroll of random uselessness {unknown}
 k - a scroll of amnesia {unknown}
Potions
 e - a potion of curing {unknown}
 f - 2 potions of resistance {unknown}
 h - a potion of invisibility {unknown}
 l - a potion of degeneration {unknown}


   Skills:
 - Level 2.4 Dodging
 - Level 2.4 Stealth
 + Level 3.0 Spellcasting
 * Level 3.0 Conjurations
 * Level 3.3 Fire Magic


You had 6 spell levels left.
You knew the following spells:

 Your Spells              Type           Power        Failure   Level
a - Foxfire               Conj/Fire      ##..         4%          1

Your spell library contained the following spells:

 Spells                   Type           Power        Failure   Level
 Conjure Flame            Conj/Fire      ##......     13%         3
 Inner Flame              Hex/Fire       #.......     24%         3
 Sticky Flame             Conj/Fire      ##......     38%         4
 Fireball                 Conj/Fire      ##........   75%         5


Dungeon Overview and Level Annotations

Branches:
Dungeon (2/15)

Altars:


Message History

The leopard gecko bites you.
* * * LOW HITPOINT WARNING * * *
You closely miss the leopard gecko.
The leopard gecko is almost dead.
The leopard gecko closely misses you.
You miss the leopard gecko.
The leopard gecko is almost dead.
The leopard gecko closely misses you.
Casting: Foxfire (safe; 4% risk of failure)
Confirm with . or Enter, or press ? or * to list all spells.
Nothing appears to happen.
The leopard gecko barely misses you. The leopard gecko misses you.
The leopard gecko misses you.
You closely miss the leopard gecko.
The leopard gecko is almost dead.
The leopard gecko barely misses you.
You barely miss the leopard gecko.
The leopard gecko is almost dead.
The leopard gecko bites you.
You die...

## ... ... ..
#########.###.#
#@l<..........#
#########.....#
....# ..(# ..#
##


You could see a leopard gecko.

Vanquished Creatures
  An ooze (D:1)
  A giant cockroach (D:1)
  A goblin (D:1)
  2 hobgoblins (D:1)
  6 bats (D:1)
  2 frilled lizards (D:1)
  3 kobolds (D:1)
  2 rats (D:1)
18 creatures vanquished.

Vanquished Creatures (others)
  42 foxfires (D:1)
42 creatures vanquished.

Grand Total: 60 creatures vanquished

Notes
Turn   | Place    | Note
-------+----------+-------------------------------------------
     0 | D:1      | lampshaded the Deep Elf Fire Elementalist began the quest
                  | for the Orb.
     0 | D:1      | Reached XP level 1. HP: 10/10 MP: 6/6
   451 | D:1      | Reached XP level 2. HP: 15/15 MP: 5/8
  1066 | D:2      | Slain by a leopard gecko

Illustrated notes

Levels and vault maps discovered:
D:1:      minmay_arrival_hallway, layout_basic
D:2:      layout_basic, hex_intersection, chequers_jeans, bh_walls_and_bars

Skill      XL: |  1  2 |
---------------+-------+-----
Conjurations   | 2 3 |  3.0
Dodging        | |  2.4
Stealth        | |  2.4
Spellcasting   | |  3.0
Fire Magic     | |  3.3

Action                   || total
-------------------------++-------
Melee: Unarmed           ||    15
 Cast: Foxfire           ||    33
Armor: Robe              ||    13
Dodge: Dodged            ||    35

Table legend: (Time is in decaauts)
 A = Elapsed time spent in this place.
 B = Non-inter-level travel time spent in this place.
 C = Inter-level travel time spent in this place.
 D = Time resting spent in this place.
 E = Time spent auto-exploring this place.
 F = Levels seen in this place.
 G = Mean time per level.
                   A        B        C        D        E       F      G
               +--------+--------+--------+--------+--------+-----+--------+
         Total |   1065 |   1022 |     43 |      2 |    846 |   2 |  532.5 |
       Dungeon |   1065 |   1022 |     43 |      2 |    846 |   2 |  532.5 |
               +--------+--------+--------+--------+--------+-----+--------+

Top non-repeatable levels by time:
     D:1: 1027 daAuts
     D:2: 38 daAuts
